 Dungeon Crawl Stone Soup version 0.31-a0-18-gea43df2a32 (webtiles) character file.

Game seed: 10241804113700699513

123 porpoise the Shooter (level 5, -4/41 HPs)
             Began as a Merfolk Hunter on May 12, 2023.
             Blown up by Pikel (16 damage)
             ... with a mindburst bolt
             ... on level 4 of the Dungeon.
             The game lasted 00:07:09 (2644 turns).

porpoise the Shooter (Merfolk Hunter)               Turns: 2644, Time: 00:07:10

Health: -4/41      AC:  7    Str: 11    XL:     5   Next: 7%
Magic:  1/14       EV: 12    Int:  8    God:
Gold:   161        SH:  0    Dex: 20    Spells: 4/4 levels left

rFire   . . .        b - +5 short sword of the Hills {spect, rElec rN+ MP+9 SInv}
rCold   + . .        (no shield)
rNeg    + . .        c - +0 leather armour
rPois   .            n - +1 helmet of Hedging {rC+}
rElec   +            m - +1 cloak
rCorr   .            (no gloves)
SInv    +            (no boots)
Will    .....        (no amulet)
Stlth   ++           (no ring)
HPRegen 0.26/turn    (no ring)
MPRegen 0.14/turn

%: no passive effects
@: no status effects
A: (nimble swimmer 2), mertail
a: no special abilities


You were on level 4 of the Dungeon.
You visited 1 branch of the dungeon, and saw 4 of its levels.

You collected 161 gold pieces.

Inventory:

Hand Weapons
 a - a +0 shortbow
 b - the +5 short sword of the Hills (weapon) {spect, rElec rN+ MP+9 SInv}
   (You found it on level 3 of the Dungeon)

   rElec:     It insulates you from electricity.
   rN:        It protects you from negative energy.
   MP:        It affects your magic capacity (+9).
   SInv:      It lets you see invisible.
Missiles
 f - 9 poisoned darts
 h - 8 boomerangs
Armour
 c - a +0 leather armour (worn)
 m - a +1 cloak (worn)
 n - the +1 helmet of Hedging (worn) {rC+}
   (You found it on level 2 of the Dungeon)

   rC:        It protects you from cold.
Jewellery
 x - a +6 ring of strength
Wands
 s - a wand of flame (13)
Scrolls
 e - a scroll of teleportation
 g - a scroll of enchant armour
 j - a scroll of vulnerability {unknown}
 l - a scroll of acquirement {unknown}
 q - a scroll of silence {unknown}
 t - a scroll of noise
 v - 2 scrolls of immolation
Potions
 d - 2 potions of mutation {unknown}
 i - a potion of haste {unknown}
 k - a potion of curing {unknown}
 o - a potion of lignification {unknown}
 p - a potion of heal wounds {unknown}
 r - a potion of resistance {unknown}
 u - a potion of ambrosia {unknown}
 w - a potion of brilliance {unknown}


   Skills:
 + Level 3.5 Fighting
 * Level 4.6 Ranged Weapons
 - Level 2.6 Dodging
 - Level 1.1 Stealth


You had 4 spell levels left.
You didn't know any spells.
Your spell library contained the following spells:

 Spells                   Type           Power      Damage    Failure   Level
 Blink                    Tloc           0%         N/A       65%         2
 Lesser Beckoning         Tloc           0%         N/A       65%         2
 Momentum Strike          Conj/Tloc      0%         3d8       65%         2


Dungeon Overview and Level Annotations

Branches:
Dungeon (4/15)
 Temple: D:4-7

Altars:
Elyvilon

Annotations:
D:4 Pikel


Innate Abilities, Weirdness & Mutations

((You are very nimble when in or above water. (Stealth+, EV+, Speed+++)))
Your lower body shifts to a powerful aquatic tail in water.


Message History

You shoot an arrow. The adder hisses angrily.
The arrow hits the adder.
The adder is moderately wounded.
You shoot an arrow. The arrow closely misses the adder.
You shoot an arrow. The arrow closely misses the adder.
You shoot an arrow. The arrow hits the adder!
You kill the adder!
You have reached level 5!
You feel agile.
You shoot an arrow. The arrow closely misses Pikel.
You shoot an arrow. The arrow hits Pikel.
Pikel is lightly wounded.
Pikel zaps a wand.
Your mind is blasted!
You shoot an arrow.
The arrow hits Pikel but does no damage.
Pikel is lightly wounded.
You shoot an arrow. The arrow hits Pikel!
Pikel is moderately wounded.
You hear a shout!
Pikel cracks his whip.
Pikel zaps a wand.
Your mind is blasted!
You shoot an arrow.
The arrow hits Pikel but does no damage.
Pikel is moderately wounded.
You shoot an arrow.
The arrow hits Pikel but does no damage.
Pikel is moderately wounded.
Pikel hits you with a +1 whip of freezing.
You shoot an arrow. The arrow barely misses Pikel.
Pikel zaps a wand.
Your mind is blasted!
* * * LOW HITPOINT WARNING * * *
You feel a bond with the +5 short sword of the Hills {spect, rElec rN+ MP+9 SInv}.
b - the +5 short sword of the Hills (weapon)
{spect, rElec rN+ MP+9 SInv} You are too injured to fight recklessly!
You closely miss Pikel.
Pikel is moderately wounded.
Your +5 short sword of the Hills {spect, rElec rN+ MP+9 SInv} hits Pikel.
Pikel zaps a wand.
Your mind is blasted!
You die...

#...# .#.#
.####...##.#.##
...............
#............###
#.#...............
#.#............#
#.#............#
#.#......5@#
#.#......K(#
#.#.......[#
#.......#.############
#<......#............#
#.####....##############
#.[.......# ######....#
##.#.#


You could see Pikel, a lemure and a friendly +5 short sword of the Hills {spect,
rElec rN+ MP+9 SInv}.

Vanquished Creatures
  3 lemures (D:4)
  Jessica (D:3)
  3 adders
  A worm (D:2)
  An orc (D:3)
  3 ball pythons (D:1)
  5 endoplasms
  7 giant cockroaches
  3 goblins
  3 hobgoblins
  15 jackals
  2 quokkas
  3 bats
  A frilled lizard (D:2)
  4 kobolds (D:1)
  8 rats
63 creatures vanquished.

Notes
Turn   | Place    | Note
-------+----------+-------------------------------------------
     0 | D:1      | porpoise the Merfolk Hunter began the quest for the Orb.
     0 | D:1      | Reached XP level 1. HP: 16/16 MP: 1/1
    96 | D:1      | Reached XP level 2. HP: 23/23 MP: 2/2
   399 | D:1      | Reached XP level 3. HP: 22/28 MP: 3/3
   560 | D:1      | Reached skill level 4 in Ranged Weapons
  1070 | D:2      | Reached XP level 4. HP: 28/35 MP: 4/4
  1281 | D:2      | Identified the +1 helmet of Hedging {rC+}
  1310 | D:2      | Found a faded altar of an unknown god.
  1715 | D:3      | Noticed Jessica
  1721 | D:3      | Killed Jessica
  1851 | D:3      | Found a white marble altar of Elyvilon.
  1970 | D:3      | Identified the +5 short sword of the Hills {spect, rElec
                  | rN+ MP+9 SInv}
  2242 | D:4      | Noticed a lemure
  2256 | D:4      | Killed a lemure
  2362 | D:4      | Noticed a lemure
  2362 | D:4      | Noticed a lemure
  2365 | D:4      | Noticed a lemure
  2476 | D:4      | Noticed Pikel
  2504 | D:4      | Killed a lemure
  2625 | D:4      | Killed a lemure
  2636 | D:4      | Reached XP level 5. HP: 41/41 MP: 0/5
  2644 | D:4      | Blown up by Pikel

Illustrated notes

Levels and vault maps discovered:
D:1:      roderic_crossed_star, layout_basic
D:2:      layout_loops_corners, hellmonk_ecumenical_altar_dog_temple
D:3:      layout_rooms, lemuel_doored_altar, uniq_jessica
D:4:      layout_basic, grunt_qazlal_clouds, mainiacjoe_overflow_boulevard,
          temple_green, uniq_pikel

Skill      XL: |  1  2  3 |
---------------+----------+-----
Ranged Weapons | 4 |  4.6
Fighting       | 3 |  3.5
Dodging        | |  2.6
Stealth        | |  1.1

Action                     |  1- 3 |  4- 6 || total
---------------------------+-------+-------++-------
  Melee: Short sword       |       |     9 ||     9
   Fire: Shortbow          |   101 |    71 ||   172
    Use: Scroll            |       |     3 ||     3
 Armour: Leather armour    |    16 |     9 ||    25
  Dodge: Dodged            |    53 |    16 ||    69

Table legend: (Time is in decaauts)
 A = Elapsed time spent in this place.
 B = Non-inter-level travel time spent in this place.
 C = Inter-level travel time spent in this place.
 D = Time resting spent in this place.
 E = Time spent auto-exploring this place.
 F = Levels seen in this place.
 G = Mean time per level.
                   A        B        C        D        E       F      G
               +--------+--------+--------+--------+--------+-----+--------+
         Total |   2700 |   2604 |     96 |    520 |   1648 |   4 |  675.0 |
       Dungeon |   2700 |   2604 |     96 |    520 |   1648 |   4 |  675.0 |
               +--------+--------+--------+--------+--------+-----+--------+

Top non-repeatable levels by time:
     D:2: 955 daAuts
     D:1: 808 daAuts
     D:3: 505 daAuts
     D:4: 431 daAuts
